Map: Nightshade LE

Players

antagomiR - Winner!

  • Race: Protoss Protoss
  • League: Gold
  • Spawn Location: 5:00

davinci

  • Race: Terran Terran
  • League: Silver
  • Spawn Location: 11:00

VOD

Have the link to the VOD?

Description

Time

  • Played on: April 4, 2020, 6:24 p.m.
  • Length: 21:41
Show
View Real Time Build Order
Export as new Build Order

antagomiR Protoss - Winner!

Build Orders: Carriers 

Get SALT Encoding   

  12  0:01  Probe  
  13  0:13  Probe  
  14  0:19  Pylon  
  14  0:25  Probe  
  15  0:40  Gateway  
  15  0:42  Probe  
  16  0:54  Probe, Assimilator  
  17  1:04  Assimilator  
  17  1:06  Probe  
  18  1:18  Probe  
  19  1:31  Cybernetics Core  
  19  1:33  Probe  
  20  1:40  Pylon  
  20  1:45  Probe  
  21  2:03  Warp Gate (Chrono Boost)  
  21  2:12  Robotics Facility  
  21  2:13  Probe  
  22  2:21  Gateway  
  22  2:22  Adept (Chrono Boost), Gateway  
  24  2:27  Probe  
  25  2:41  Probe  
  26  2:54  Probe  
  27  2:59  Observer  
  28  3:06  Probe  
  29  3:18  Stalker (Chrono Boost)  
  31  4:04  Pylon  
  31  4:22  Probe, Immortal, Stalker  
  36  4:29  Stalker  
  36  4:30  Stalker  
  38  4:34  Probe  
  35  5:16  Immortal  
  35  5:20  Nexus  
  39  5:22  Pylon  
  39  5:32  Pylon  
  39  5:36  Pylon  
  39  5:46  Shield Battery  
  39  5:51  Sentry x2  
  43  5:59  Observer  
  44  6:32  Pylon  
  44  6:33  Probe  
  44  6:34  Probe  
  46  6:45  Probe  
  46  6:46  Probe  
  48  7:01  Probe x2  
  50  7:11  Gateway  
  50  7:13  Probe x2, Gateway  
  52  7:25  Probe, Zealot x2  
  52  7:26  Probe, Zealot  
  60  7:37  Probe  
  60  7:42  Assimilator  
  61  7:45  Assimilator  
  61  7:53  Pylon  
  61  7:58  Phoenix  
  61  8:03  Probe  
  61  8:04  Probe  
  63  8:14  Sentry  
  63  8:15  Probe  
  63  8:16  Probe, Stalker x2  
  63  8:17  Stalker  
  73  8:20  Immortal  
  77  8:28  Probe x2  
  77  8:30  Twilight Council  
  77  8:33  Shield Battery  
  79  8:40  Probe x2  
  81  8:52  Probe  
  82  8:56  Pylon  
  82  8:59  Immortal  
  82  9:01  Stargate  
  86  9:05  Probe x2  
  89  9:17  Probe x2  
  89  9:19  Gateway  
  89  9:22  Gateway  
  90  9:25  Pylon  
  90  9:29  Probe x2  
  90  9:30  Gateway  
  90  9:31  Gateway  
  92  9:38  Immortal  
  92  9:41  Probe  
  96  10:05  Probe x2  
  98  10:12  Forge  
  98  10:14  Nexus  
  98  10:17  Probe, Pylon, Forge  
  98  10:18  Observer  
  98  10:21  Pylon  
  100  10:26  Phoenix  
  100  10:37  Stargate  
  100  10:38  Stargate  
  100  10:39  Immortal  
  104  10:46  Probe, Fleet Beacon  
  104  10:47  Probe  
  106  10:53  Protoss Ground Weapons Level 1 (Chrono Boost)  
  106  10:55  Protoss Ground Armor Level 1 (Chrono Boost)  
  106  10:59  Probe x2  
  108  11:06  Dark Shrine  
  105  11:12  Templar Archives  
  96  11:18  Observer  
  91  11:36  Photon Cannon  
  91  11:40  Photon Cannon  
  91  11:42  Photon Cannon x2  
  91  11:45  Shield Battery  
  91  11:46  Shield Battery  
  91  11:48  Probe, Photon Cannon  
  91  11:50  Photon Cannon  
  91  11:52  Probe  
  91  11:53  Probe  
  94  12:21  Zealot, High Templar  
  98  12:23  Zealot, High Templar  
  98  12:24  High Templar x3  
  98  12:25  High Templar x2  
  98  12:27  Archon  
  98  12:28  Archon  
  98  12:29  Archon  
  112  12:48  Assimilator  
  112  12:50  Assimilator  
  112  12:54  Probe x3  
  116  13:06  Probe x3, Observer  
  119  13:18  Probe x3  
  123  13:27  Observer  
  123  13:30  Probe x3  
  123  13:33  Stalker x2  
  123  13:34  Stalker x2  
  132  13:42  Probe x3  
  125  13:54  Probe  
  109  14:36  Warp Prism  
  111  14:41  High Templar x5  
  111  14:42  High Templar x4  
  129  15:02  Nexus  
  129  15:03  Pylon  
  129  15:06  Pylon  
  129  15:07  Archon x2  
  129  15:08  Archon x2  
  141  15:21  Carrier x2  
  138  15:57  Stalker x3  
  138  15:58  Stalker x2  
  148  16:14  Carrier  
  154  16:20  High Templar  
  154  16:21  High Templar  
  164  16:25  Carrier  
  164  16:29  Assimilator  
  164  16:32  Assimilator  
  164  16:36  Shield Battery  
  164  16:38  Shield Battery  
  160  16:40  Photon Cannon  
  160  16:43  Photon Cannon  
  160  16:46  Photon Cannon, High Templar x2  
  164  16:48  Archon  
  164  16:50  Archon  
  164  17:07  Pylon  
  164  17:12  Pylon  
  164  17:25  Probe, Carrier, Observer  
  172  17:30  Probe x2  
  172  17:31  Photon Cannon  
  175  17:37  Probe  
  175  17:42  Probe x2  
  177  17:49  Probe  
  178  17:54  Probe x2  
  180  18:09  Pylon  
  180  18:10  Pylon  
  180  18:11  Probe x3, Pylon  
  179  18:13  Pylon  
  179  18:14  Pylon  
  175  18:23  Probe x2  
  175  18:26  High Templar  
  179  18:27  High Templar x4  
  179  18:28  High Templar x3  
  179  18:29  High Templar  
  179  18:31  Archon x2  
  179  18:32  Archon x2  
  195  18:41  Archon  
  148  19:26  Carrier x3  
  166  20:04  Nexus  
  162  20:07  Pylon  
  162  20:10  Pylon  
  162  20:30  Carrier x3  
  180  20:47  Zealot x3  
Show
View Real Time Build Order
Export as new Build Order

davinci Terran 

Build Orders: Mech 

Get SALT Encoding   

  12  0:02  SCV  
  13  0:18  Supply Depot  
  13  0:24  Refinery  
  13  0:28  Refinery  
  13  0:31  SCV  
  14  0:49  Barracks  
  14  0:52  SCV  
  15  1:04  SCV  
  16  1:19  Barracks  
  16  1:33  Supply Depot  
  16  1:39  SCV  
  17  1:46  Reaper  
  18  1:52  SCV  
  20  2:09  Marine  
  20  2:18  Orbital Command, Marine  
  21  2:27  Reaper  
  22  2:36  Reaper  
  23  2:59  Reaper  
  24  3:08  Reaper  
  23  3:37  Reaper  
  23  3:40  Reaper  
  25  3:47  SCV  
  25  3:59  SCV  
  26  4:11  SCV  
  22  5:22  Refinery, Command Center  
  22  5:23  Refinery  
  22  5:28  Factory  
  22  5:30  Factory  
  22  5:31  Factory  
  22  5:33  Barracks Tech Lab  
  22  5:40  SCV  
  23  5:45  Barracks Tech Lab  
  23  5:47  Supply Depot  
  23  5:53  SCV  
  24  6:00  Engineering Bay  
  24  6:05  SCV  
  25  6:17  SCV  
  26  6:18  Factory Tech Lab x2  
  26  6:19  Factory Tech Lab  
  26  6:22  Supply Depot  
  26  6:29  SCV, Terran Infantry Weapons Level 1  
  27  6:38  SCV  
  28  6:41  SCV  
  28  6:43  Siege Tank  
  28  6:44  Siege Tank x2  
  38  6:53  SCV  
  39  6:55  Orbital Command  
  39  7:00  Marauder  
  41  7:05  SCV  
  42  7:15  Supply Depot  
  42  7:17  Supply Depot  
  42  7:36  SCV  
  42  7:37  SCV  
  44  7:44  Marine x2  
  44  7:48  SCV  
  47  7:52  SCV  
  48  8:01  SCV  
  48  8:04  SCV  
  48  8:05  Starport  
  50  8:06  Starport  
  50  8:13  Missile Turret  
  50  8:23  SCV x2  
  50  8:26  Marine x2  
  54  8:27  Sensor Tower  
  54  8:37  Terran Infantry Armor Level 1  
  54  8:54  Command Center  
  54  8:55  Missile Turret, Starport Tech Lab x2  
  54  9:05  Siege Tank x2  
  54  9:08  Marauder  
  54  9:09  Marauder  
  64  9:11  Combat Shield  
  64  9:12  Stimpack  
  64  9:22  Missile Turret  
  64  9:27  Missile Turret  
  64  9:28  Missile Turret  
  64  9:30  Marauder x2  
  68  9:32  SCV x2  
  70  9:39  Liberator x2  
  70  9:44  SCV x2  
  78  9:46  Missile Turret  
  78  10:05  SCV x2  
  78  10:06  Missile Turret  
  80  10:10  Supply Depot  
  80  10:14  Cloaking Field  
  80  10:15  Hyperflight Rotors  
  80  10:17  SCV  
  81  10:30  Concussive Shells  
  81  10:31  Refinery  
  81  10:32  Supply Depot  
  81  10:47  Refinery  
  75  11:29  Banshee x2  
  81  11:42  Missile Turret  
  81  11:44  Planetary Fortress  
  81  11:51  Siege Tank x2  
  87  12:00  Barracks  
  87  12:03  Barracks  
  87  12:11  Siege Tank  
  87  12:14  Marine x2  
  92  12:23  Siege Tank  
  95  12:31  Marine  
  96  12:39  Sensor Tower  
  96  12:45  Missile Turret  
  96  12:47  Missile Turret  
  96  12:54  SCV x2  
  98  13:06  SCV x2, Missile Turret  
  100  13:17  Banshee x2  
  56  14:33  Command Center  
  56  14:38  Siege Tank x3  
  65  14:42  Banshee x2  
  71  14:50  Armory  
  71  14:55  Armory  
  71  15:10  Siege Tank  
  74  15:18  Command Center  
  74  15:26  Banshee  
  74  15:27  Banshee  
  74  15:28  Command Center  
  68  16:03  Barracks Tech Lab  
  68  16:04  Barracks Tech Lab  
  51  16:44  Siege Tank x3  
  60  16:48  Planetary Fortress  
  60  16:55  Banshee x2  
  60  16:58  Marine x4  
  70  17:15  Marine  
  70  17:16  Marine x3, Siege Tank x2  
  80  17:38  Banshee  
  83  17:52  Marine x4  
  87  18:10  Marine x3  
  80  18:30  Armory  
  80  18:48  Fusion Core  
  41  19:29  Planetary Fortress  
  41  19:51  Command Center  
  41  19:54  Weapon Refit  
  36  20:17  Orbital Command  
  36  20:22  Battlecruiser x2  
  48  20:31  Siege Tank x3  
  57  20:45  SCV  
  58  21:03  Siege Tank  
Tags
 
Composition
CarriersMech
Matchup
PvT
Replay Pack
20200422
Spawn Locations
Cross Positions
Add a new tag
Caveats
  • Supply blocks, unpowered buildings, or Contaminate may cause inaccurate times.
  • Supply counts are checked every 10 seconds.